[Event "Titled Tuesday Blitz June 1 2021"]
[White "Abdusattorov, Nodirbek"]
[Black "Viswanadha, Kesav"]
[WhiteFideId "14204118"]
[BlackFideId "2059533"]
[WhiteElo "2662"]
[BlackElo "2191"]
[Result "1-0"]
[Round "01"]
[TimeControl "180+1"]
[Date "2021.06.01"]
[WhiteClock "0:01:28"]
[BlackClock "0:00:20"]

1. d4 Nf6 2. Bg5 d5 3. Bxf6 gxf6 4. e3 c5 5. Nf3 Nc6 6. dxc5 e6 7. c4 dxc4 8. Qxd8+ Kxd8 9. Bxc4 Bxc5 10. Nc3 Ke7 11. Ke2 b6 12. Rac1 Bb7 13. a3 Rac8 14. Ne4 Bd6 15. Nxd6 Kxd6 16. Rhd1+ Ke7 17. Bd3 h6 18. b4 Rhd8 19. Be4 Ba6+ 20. Ke1 Ne5 21. Nd4 f5 22. f4 fxe4 23. fxe5 Bb7 24. Kf2 Bd5 25. g4 f6 26. exf6+ Kxf6 27. Kg3 Bc4 28. h4 Bd3 29. g5+ hxg5 30. hxg5+ Kg6 31. Kf4 Rxc1 32. Rxc1 Rf8+ 33. Ke5 Rf3 34. Re1 Rf2 35. Nxe6 Ra2 36. Rh1 Rxa3 37. Rh6+ Kf7 38. g6+ Kg8 39. g7 1-0


[Site "https://www.chess.com"]

[Event "Titled Tuesday Blitz June 1 2021"]
[White "Ambrogi, Agustin"]
[Black "Sjugirov, Sanan"]
[WhiteFideId "170933"]
[BlackFideId "4189302"]
[WhiteElo "2214"]
[BlackElo "2472"]
[Result "0-1"]
[Round "01"]
[TimeControl "180+1"]
[Date "2021.06.01"]
[WhiteClock "0:00:06"]
[BlackClock "0:00:04"]

1. e4 c5 2. d4 cxd4 3. c3 Nf6 4. e5 Nd5 5. Bc4 Nb6 6. Bb3 d5 7. exd6 e6 8. cxd4 Bxd6 9. Nf3 O-O 10. O-O Bd7 11. Nc3 Bc6 12. Qd3 N8d7 13. Bc2 g6 14. Bh6 Re8 15. Rfe1 Nd5 16. a3 Nxc3 17. bxc3 Bxf3 18. Qxf3 Qh4 19. Qh3 Qxh3 20. gxh3 Rac8 21. Bd2 Nb6 22. a4 Nc4 23. Bc1 Re7 24. a5 Rec7 25. Be4 Kg7 26. Kg2 h6 27. h4 Be7 28. h5 g5 29. h4 Nd6 30. hxg5 Bxg5 31. f4 Be7 32. Bd2 Nxe4 33. Rxe4 Rd8 34. f5 exf5 35. Re5 Bg5 36. Bxg5 hxg5 37. Rxf5 Rxc3 38. Raf1 Rxd4 39. Rxf7+ Kh6 40. Rxb7 Kxh5 41. Rxa7 Kg4 42. Rf2 Rd1 43. Rb7 Rg3+ 44. Kh2 Rh3+ 45. Kg2 Rd4 46. Ra2 Rg3+ 47. Kh2 Rh3+ 48. Kg2 Rg3+ 49. Kh2 Rgd3 50. Rbb2 Rh3+ 51. Kg2 Rg3+ 52. Kh2 Rdd3 53. Rb4+ Kh5 54. a6 Rh3+ 55. Kg2 Rdg3+ 56. Kf2 Rh2+ 57. Kxg3 Rxa2 58. Rb6 Ra3+ 59. Kg2 Kh4 60. Rb4+ g4 61. Rb6 Ra2+ 62. Kg1 Kh3 63. Kh1 Ra1+ 0-1


[Site "https://www.chess.com"]

[Event "Titled Tuesday Blitz June 1 2021"]
[White "Andreikin, Dmitry"]
[Black "Rozhkov, Viacheslav"]
[WhiteFideId "4158814"]
[BlackFideId "4181484"]
[WhiteElo "2782"]
[BlackElo "2324"]
[Result "1-0"]
[Round "01"]
[TimeControl "180+1"]
[Date "2021.06.01"]
[WhiteClock "0:01:31"]
[BlackClock "0:00:14"]

1. d4 d5 2. Nf3 Nf6 3. c4 dxc4 4. e3 e6 5. Bxc4 a6 6. O-O b5 7. Bd3 Bb7 8. a4 b4 9. Nbd2 c5 10. e4 cxd4 11. Qe2 Be7 12. Nc4 O-O 13. Bf4 Nbd7 14. Nd6 Qb8 15. Nxb7 Qxf4 16. Rfc1 Ng4 17. g3 Qb8 18. Na5 Nge5 19. Nc6 Nxc6 20. Rxc6 a5 21. Rac1 h6 22. e5 g6 23. Qe4 Qb7 24. Qf4 Bg5 25. Nxg5 hxg5 26. Qxg5 Rac8 27. Bxg6 Rxc6 28. Be4+ Kh8 29. Qh6+ 1-0


[Site "https://www.chess.com"]

[Event "Titled Tuesday Blitz June 1 2021"]
[White "Belenkaya, Dina"]
[Black "Le, Tuan Minh"]
[WhiteFideId "24142654"]
[BlackFideId "12401153"]
[WhiteElo "2247"]
[BlackElo "2450"]
[Result "0-1"]
[Round "01"]
[TimeControl "180+1"]
[Date "2021.06.01"]
[WhiteClock "0:00:18"]
[BlackClock "0:00:45"]

1. e4 c5 2. Nc3 Nc6 3. Nf3 g6 4. g3 Bg7 5. Bg2 e6 6. d3 Nge7 7. Be3 Nd4 8. O-O O-O 9. Ne2 Nxf3+ 10. Bxf3 Qb6 11. d4 d6 12. Qd2 Nc6 13. c3 Qa5 14. Bh6 cxd4 15. Bxg7 Kxg7 16. Nxd4 Ne5 17. Bg2 Bd7 18. b3 Rac8 19. Rac1 Nc6 20. Rfd1 Rfd8 21. f4 e5 22. Ne2 Bg4 23. h3 Bxe2 24. Qxe2 Ne7 25. c4 a6 26. Qb2 f6 27. b4 Qb6+ 28. Kh2 Nc6 29. a3 Nd4 30. g4 Ne6 31. f5 Nd4 32. Rd2 Rc7 33. Qb3 Nxb3 0-1


[Site "https://www.chess.com"]

[Event "Titled Tuesday Blitz June 1 2021"]
[White "Fedoseev, Vladimir"]
[Black "Miszler, Levente"]
[WhiteFideId "24130737"]
[BlackFideId "763276"]
[WhiteElo "2756"]
[BlackElo "1967"]
[Result "1-0"]
[Round "01"]
[TimeControl "180+1"]
[Date "2021.06.01"]
[WhiteClock "0:00:19"]
[BlackClock "0:00:25"]

1. Nf3 Nf6 2. g3 e6 3. Bg2 d5 4. O-O Be7 5. c4 O-O 6. b3 b6 7. Bb2 Bb7 8. d3 Nbd7 9. Nc3 c5 10. e3 Rc8 11. Qe2 Qc7 12. Rfd1 Rfd8 13. Rac1 Qb8 14. Ne1 Qa8 15. f4 a6 16. Nf3 dxc4 17. bxc4 Bc6 18. a4 Ng4 19. h3 Nh6 20. g4 f5 21. g5 Nf7 22. e4 fxe4 23. Nxe4 e5 24. fxe5 Bxe4 25. e6 Bc6 26. exf7+ Kxf7 27. Rf1 Ke8 28. Rce1 1-0


[Site "https://www.chess.com"]

[Event "Titled Tuesday Blitz June 1 2021"]
[White "Garcia, Gabriel Gonzaga"]
[Black "Demchenko, Anton"]
[WhiteFideId "2138956"]
[BlackFideId "4160258"]
[WhiteElo "2240"]
[BlackElo "2593"]
[Result "0-1"]
[Round "01"]
[TimeControl "180+1"]
[Date "2021.06.01"]
[WhiteClock "0:00:07"]
[BlackClock "0:01:51"]

1. e4 c5 2. Nf3 d6 3. d4 cxd4 4. Qxd4 Nc6 5. Bb5 a6 6. Bxc6+ bxc6 7. Bg5 h6 8. Bh4 Qc7 9. Nc3 e5 10. Qd3 Be6 11. O-O-O g5 12. Bg3 Nf6 13. h4 g4 14. Nd2 Nh5 15. Nc4 Rd8 16. Ne3 Be7 17. Qe2 Rg8 18. Rd2 Kf8 19. Rhd1 Nf4 20. Bxf4 exf4 21. Nf5 Bxf5 22. exf5 d5 23. Qxa6 Bxh4 24. Kb1 Bg5 25. f3 Kg7 26. fxg4 Ra8 27. Qf1 Rgb8 28. Rd3 Qa5 29. Qe1 Bf6 30. a4 Qb4 31. b3 Qa3 32. Qd2 Rxa4 33. Nxa4 Qa1# 0-1


[Site "https://www.chess.com"]

[Event "Titled Tuesday Blitz June 1 2021"]
[White "Goltsev, Dmitry"]
[Black "Martin Carmona, Gaston Manuel"]
[WhiteFideId "24176710"]
[BlackFideId "22284567"]
[WhiteElo "2366"]
[BlackElo "2144"]
[Result "1-0"]
[Round "01"]
[TimeControl "180+1"]
[Date "2021.06.01"]
[WhiteClock "0:00:51"]
[BlackClock "0:01:17"]

1. e4 c5 2. Nf3 d6 3. d4 cxd4 4. Nxd4 Nf6 5. Nc3 a6 6. Be2 e5 7. Nb3 Be7 8. O-O O-O 9. f4 exf4 10. Bxf4 Be6 11. e5 dxe5 12. Bxe5 Nc6 13. Bf4 Qb6+ 14. Kh1 Rfd8 15. Qe1 Nb4 16. Qg3 Rac8 17. Rac1 Bd6 18. Na4 Qc7 19. Bxd6 Qxd6 20. Qxd6 Rxd6 21. Nc3 b5 22. Bf3 Rcd8 23. Nc5 Bc4 24. Rfe1 Nxa2 25. Nxa2 Bxa2 26. Nb7 R6d7 27. Nxd8 Rxd8 28. b3 Rc8 29. Bb7 Rc3 30. Bxa6 b4 31. Ra1 Rxc2 32. Re2 Bxb3 33. Rxc2 Bxc2 34. Bd3 1-0


[Site "https://www.chess.com"]

[Event "Titled Tuesday Blitz June 1 2021"]
[White "Hansen, Eric"]
[Black "Wagner, Dinara"]
[WhiteFideId "2606771"]
[BlackFideId "24157570"]
[WhiteElo "2568"]
[BlackElo "2260"]
[Result "1-0"]
[Round "01"]
[TimeControl "180+1"]
[Date "2021.06.01"]
[WhiteClock "0:00:15"]
[BlackClock "0:00:09"]

1. e4 c5 2. Nf3 d6 3. Bb5+ Bd7 4. Bxd7+ Qxd7 5. c4 e5 6. Nc3 Nc6 7. d3 g6 8. a3 Bg7 9. b4 cxb4 10. axb4 Nxb4 11. Ba3 Na6 12. Nb5 Nc5 13. Bxc5 dxc5 14. Qa4 Rd8 15. O-O a6 16. Nc7+ Kf8 17. Qa5 Ne7 18. Rfb1 h6 19. Rxb7 Qxd3 20. h3 Kg8 21. Qxc5 Bf6 22. Rxa6 Kg7 23. Rxf6 Kxf6 24. Qxe5# 1-0


[Site "https://www.chess.com"]

[Event "Titled Tuesday Blitz June 1 2021"]
[White "Indjic, Aleksandar"]
[Black "Devaev, Alexander"]
[WhiteFideId "911925"]
[BlackFideId "4169395"]
[WhiteElo "2643"]
[BlackElo "2185"]
[Result "1-0"]
[Round "01"]
[TimeControl "180+1"]
[Date "2021.06.01"]
[WhiteClock "0:00:33"]
[BlackClock "0:00:01"]

1. d4 Nf6 2. Nf3 e6 3. Bg5 c5 4. e3 Nc6 5. c3 b6 6. Nbd2 Bb7 7. a3 Be7 8. Bd3 h6 9. Bf4 O-O 10. Qe2 Nh5 11. Bg3 d6 12. Ba6 Bxa6 13. Qxa6 Qc8 14. Qe2 Qb7 15. O-O Nxg3 16. hxg3 d5 17. Rac1 Rac8 18. Ne5 Nxe5 19. dxe5 Rcd8 20. Qd3 Rfe8 21. f4 f5 22. g4 fxg4 23. Qg6 Bf8 24. Qxg4 Qf7 25. Rf2 Qf5 26. Qe2 h5 27. Rd1 Be7 28. Nf3 Qe4 29. Qd3 Qxd3 30. Rxd3 g6 31. Rd1 a5 32. a4 Rb8 33. c4 dxc4 34. Nd2 b5 35. axb5 Rxb5 36. Nxc4 a4 37. Rd7 Rb4 38. Rc2 Kf8 39. Kf2 Ra8 40. Kf3 Rb3 41. g4 hxg4+ 42. Kxg4 Ke8 43. Rd1 Kf7 44. Rh1 Rg8 45. Kf3 g5 46. Ke4 gxf4 47. exf4 Rgg3 48. Rh7+ Rg7 49. Rxg7+ Kxg7 50. f5 exf5+ 51. Kxf5 Kf7 52. e6+ Ke8 53. Ke4 Bf6 54. Kd5 Be7 55. Ne5 Rb5 56. Kc6 Rb3 57. Rg2 Rf3 58. Nxf3 c4 59. Ne5 Bf6 60. Ng6 1-0


[Site "https://www.chess.com"]

[Event "Titled Tuesday Blitz June 1 2021"]
[White "Jary, Sergey"]
[Black "Terry, Renato"]
[WhiteFideId "14110350"]
[BlackFideId "3803457"]
[WhiteElo "2260"]
[BlackElo "2581"]
[Result "0-1"]
[Round "01"]
[TimeControl "180+1"]
[Date "2021.06.01"]
[WhiteClock "0:00:13"]
[BlackClock "0:00:03"]

1. Nf3 Nf6 2. g3 d5 3. Bg2 c6 4. O-O Bg4 5. c4 e6 6. Qc2 Nbd7 7. d3 Be7 8. b3 O-O 9. Bb2 a5 10. a3 Re8 11. Nbd2 Bf8 12. Rfd1 Qb6 13. Bd4 Bc5 14. Bxc5 Nxc5 15. Rab1 Ncd7 16. Qc3 e5 17. h3 Bxf3 18. Nxf3 e4 19. Nd4 Ne5 20. c5 Qc7 21. dxe4 dxe4 22. Nf5 Nd5 23. Qc1 e3 24. f4 Ng6 25. Bxd5 cxd5 26. Qc3 f6 27. Rxd5 Rad8 28. Qc4 Kh8 29. Rbd1 Rxd5 30. Rxd5 Ne7 31. Nxe7 Qxe7 32. Qd4 h6 33. b4 axb4 34. axb4 Qe6 35. Rd8 Rxd8 36. Qxd8+ Kh7 37. Qd3+ f5 38. Kg2 Qc6+ 39. Kh2 Qe6 40. b5 g6 41. c6 bxc6 42. bxc6 Qxc6 43. Qxe3 Qb7 44. g4 Qf7 45. Qe5 Qd7 46. gxf5 gxf5 47. Kg3 Qf7 48. Kf3 Qh5+ 49. Kg2 Qg6+ 50. Kf2 Qf7 51. h4 Qh5 52. Ke3 Kg8 53. Kd4 Kf7 54. Qd5+ Kg7 55. Qe5+ Kf7 56. Qc7+ Kg6 57. Qc6+ Kg7 58. Qd7+ Kf8 59. Ke5 Qxe2+ 60. Kf6 Qb2+ 61. Kg6 Qg2+ 62. Kf6 Qb2+ 63. Ke6 Qe2+ 64. Kd6 Qd2+ 65. Kc7 Qxf4+ 66. Kd8 Qe4 67. Qd6+ Kg7 68. Qc7+ Kg6 69. Qg3+ Kh5 70. Kd7 Qxh4 71. Qg7 Qe4 72. Qf7+ Kg5 73. Qg7+ Kh5 74. Qf7+ Kg4 75. Qg6+ Kf3 76. Qxh6 f4 77. Qh1+ Ke3 78. Qe1+ Kd4 79. Qb4+ Kd3 80. Qb1+ Ke3 81. Qe1+ Kd4 82. Qb4+ Ke5 83. Qe7+ Kf5 84. Qh7+ Ke5 85. Qe7+ Kd5 86. Qf7+ Kc5 87. Qf8+ Kc4 88. Qa3 Qd3+ 0-1


[Site "https://www.chess.com"]

[Event "Titled Tuesday Blitz June 1 2021"]
[White "Jobava, Baadur"]
[Black "Korkmaz, Necmettin"]
[WhiteFideId "13601520"]
[BlackFideId "6303285"]
[WhiteElo "2748"]
[BlackElo "2094"]
[Result "1-0"]
[Round "01"]
[TimeControl "180+1"]
[Date "2021.06.01"]
[WhiteClock "0:01:59"]
[BlackClock "0:00:41"]

1. e4 e6 2. d4 d5 3. Nc3 Nf6 4. Bg5 Be7 5. exd5 Nxd5 6. Bxe7 Qxe7 7. Bd3 Nxc3 8. bxc3 e5 9. Ne2 exd4 10. cxd4 O-O 11. O-O Nc6 12. Re1 Bg4 13. c3 Rfe8 14. h3 Bh5 15. Qb3 Rab8 16. Nf4 Qxe1+ 17. Rxe1 Rxe1+ 18. Kh2 Bg6 19. Nxg6 hxg6 20. Bxg6 Re7 21. Bd3 b6 22. Qd5 Na5 23. h4 c6 24. Qg5 Re6 25. h5 Rbe8 26. Qf5 Rh6 27. g4 Kf8 28. Kg3 Ree6 29. Qf4 Re8 30. Qc7 c5 31. d5 c4 32. Bf5 g6 33. hxg6 fxg6 34. Be6 Re7 35. Qd8+ 1-0


[Site "https://www.chess.com"]

[Event "Titled Tuesday Blitz June 1 2021"]
[White "Koc, Przemyslaw"]
[Black "Alekseenko, Kirill"]
[WhiteFideId "1109081"]
[BlackFideId "4135539"]
[WhiteElo "2265"]
[BlackElo "2580"]
[Result "0-1"]
[Round "01"]
[TimeControl "180+1"]
[Date "2021.06.01"]
[WhiteClock "0:00:20"]
[BlackClock "0:00:43"]

1. d4 d5 2. Nc3 Nf6 3. Bf4 e6 4. e3 a6 5. g4 b5 6. g5 Nfd7 7. Qf3 Bb7 8. Qg3 c5 9. Nf3 Nc6 10. Bxb5 axb5 11. Bc7 Qc8 12. Nxb5 Ba6 13. Nd6+ Bxd6 14. Bxd6 Nb4 15. Kd2 Qc6 16. a3 Nxc2 17. Kxc2 cxd4+ 18. Kd2 Qb5 19. exd4 Qe2+ 20. Kc1 Rc8+ 21. Bc7 e5 22. Nxe5 Rxc7+ 23. Kb1 O-O 24. Ka2 Nxe5 25. Qxe5 Bc4+ 26. Kb1 Qd3+ 27. Kc1 Rfc8 0-1


[Site "https://www.chess.com"]

[Event "Titled Tuesday Blitz June 1 2021"]
[White "Koelle, Tobias"]
[Black "Sarana, Alexey"]
[WhiteFideId "16207378"]
[BlackFideId "24133795"]
[WhiteElo "2364"]
[BlackElo "2629"]
[Result "0-1"]
[Round "01"]
[TimeControl "180+1"]
[Date "2021.06.01"]
[WhiteClock "0:00:05"]
[BlackClock "0:00:13"]

1. d4 Nf6 2. c4 e6 3. Bg5 d5 4. e3 Be7 5. Nf3 h6 6. Bh4 Nbd7 7. Nc3 O-O 8. cxd5 Nxd5 9. Bxe7 Qxe7 10. Bd3 Nxc3 11. bxc3 e5 12. Qc2 Re8 13. Nd2 c5 14. d5 Rb8 15. c4 Nf6 16. e4 Rf8 17. O-O Ne8 18. a4 Nd6 19. a5 g6 20. Nb3 b6 21. axb6 axb6 22. Rfb1 Qg5 23. Kh1 Kg7 24. f3 Bd7 25. Ra7 Qd8 26. Nxc5 bxc5 27. Rxb8 Qxb8 28. Rxd7 Qb6 29. h3 Ra8 30. Qc3 Re8 31. Bc2 Kg8 32. Qb3 Qa6 33. Qa4 Qxa4 34. Bxa4 Nxc4 35. Rc7 Ra8 36. Bb5 Nd6 37. Bf1 Ra1 38. Kg1 Nc4 39. Kf2 Ra2+ 40. Be2 Kf8 41. Rxc5 Nd6 42. Ke3 Ra3+ 43. Bd3 Ke7 44. Rc7+ Kd8 45. Rc6 Kd7 46. Rc1 g5 47. g4 f6 48. h4 Ra2 49. hxg5 hxg5 50. Rh1 Ra3 51. Rh7+ Ke8 52. Ke2 Ra2+ 53. Ke3 Ra3 54. Rc7 Rb3 55. Kd2 Rb2+ 56. Rc2 Rb3 57. Ke3 Ra3 58. Rc7 Kd8 59. Rc6 Kd7 60. Kd2 Ra2+ 61. Rc2 Ra3 62. Rc3 Ra2+ 63. Bc2 Ra1 64. Rb3 Ra2 65. Kd3 Ra1 66. Rb1 Ra3+ 67. Rb3 Ra1 68. Rb1 Ra2 69. Rb6 Ra8 70. Rb2 Ra7 71. Rb1 Nb7 72. Kc4 Nd6+ 73. Kd3 Rc7 74. Rb6 Ke7 75. Rc6 Ra7 76. Rc3 Nf7 77. Rc6 Nh8 78. Re6+ Kf7 79. Bb3 Ng6 80. Kc2 Nf4 81. Rc6 Ke7 82. Kb2 Nd3+ 83. Kc3 Nf4 84. Bc4 Rb7 85. Ra6 Rd7 86. Bb5 Rc7+ 87. Kd2 Rb7 88. d6+ Kf7 89. Bc4+ Ke8 90. Bd5 Nxd5 91. exd5 Kd7 92. Ke3 Rb4 93. Rc6 Rd4 94. Rc7+ Kxd6 95. Rf7 Rf4 96. Rf8 Kxd5 97. Rd8+ Ke6 98. Re8+ Kf7 99. Ra8 Rb4 100. Ra6 Rb7 101. Ra8 Rb3+ 102. Ke4 Rb4+ 103. Ke3 Kg6 104. Rg8+ Kh7 105. Ra8 Rf4 106. Ra7+ Kg6 107. Ra8 e4 108. fxe4 Rxg4 109. Rg8+ Kf7 110. Ra8 Rg3+ 111. Kd4 Rg1 112. Ra6 Re1 113. Ra8 g4 114. Ra2 Kg6 115. Ra8 Kg5 116. Rf8 g3 117. Kd5 Ra1 118. Rg8+ Kf4 119. Ke6 Ra6+ 120. Kf7 Kxe4 121. Rxg3 f5 122. Rg1 f4 123. Re1+ Kf3 124. Ra1 Rxa1 125. Kf6 Kg3 126. Ke7 f3 127. Kd7 f2 128. Kc7 f1=Q 129. Kb8 Qd1 130. Kb7 Rc1 131. Kb6 Rc2 132. Ka5 Qb1 0-1


[Site "https://www.chess.com"]

[Event "Titled Tuesday Blitz June 1 2021"]
[White "Kollars, Dmitrij"]
[Black "Navalgund, Niranjan"]
[WhiteFideId "12909572"]
[BlackFideId "5030854"]
[WhiteElo "2576"]
[BlackElo "2290"]
[Result "1/2-1/2"]
[Round "01"]
[TimeControl "180+1"]
[Date "2021.06.01"]
[WhiteClock "0:00:07"]
[BlackClock "0:00:41"]

1. d4 Nf6 2. Nf3 e6 3. Bg5 b6 4. e4 h6 5. Bxf6 Qxf6 6. Bd3 d6 7. O-O Bb7 8. Re1 Nd7 9. c3 Qd8 10. Nbd2 g6 11. Qe2 Bg7 12. Ba6 Qc8 13. Bxb7 Qxb7 14. a4 a6 15. b4 O-O 16. b5 axb5 17. axb5 Rxa1 18. Rxa1 Ra8 19. Qd1 Ra7 20. h3 Qa8 21. Rxa7 Qxa7 22. Qb3 e5 23. Qc4 exd4 24. cxd4 Bf6 25. g3 Kg7 26. Kg2 h5 27. Nf1 Nf8 28. Ne3 Ne6 29. Nd5 Bd8 30. Ne1 Qa1 31. Nc2 Qc1 32. Qd3 Qb2 33. h4 Qa2 34. Ncb4 Qb2 35. Nc6 Bf6 36. Nxf6 Kxf6 37. e5+ dxe5 38. Qf3+ Kg7 39. Nxe5 f6 40. Nc6 Qxb5 41. Qe4 Qf5 42. Qxf5 gxf5 43. f4 Kf7 44. Kf3 Ke8 45. d5 Ng7 46. Ke3 Kd7 47. Kd4 Kd6 48. Kc4 b5+ 49. Kd4 Ne8 50. Na7 b4 51. Kc4 b3 52. Nb5+ Kd7 53. Kxb3 c6 54. dxc6+ Kxc6 55. Nd4+ Kd5 56. Nxf5 Ke4 57. Nh6 Kf3 58. Kc4 Kxg3 59. f5 Kxh4 60. Kd4 Kg5 61. Nf7+ Kxf5 62. Ke3 Kg4 63. Nh6+ Kg5 64. Nf7+ Kg6 65. Nd8 Nd6 66. Kf4 Nb5 67. Ne6 Nd6 68. Nf8+ Kf7 69. Nd7 Ke6 70. Nc5+ Kf7 71. Nd7 Kg6 72. Nf8+ Kh6 73. Ne6 Kh7 74. Nf8+ Kg8 75. Ne6 Kf7 76. Nd8+ Ke7 77. Nc6+ Kd7 78. Nd4 Ke8 79. Ne2 Kf7 80. Nd4 Kg6 81. Ne6 Nb5 82. Nf8+ Kf7 83. Nd7 Nd4 84. Ke4 Ne6 85. Kf5 Ng7+ 86. Kf4 Ke6 87. Nc5+ Kd5 88. Ne4 Ke6 89. Nc5+ Kf7 90. Ne4 Kg6 91. Nc5 Ne8 92. Ne6 Kf7 93. Nd8+ Ke7 94. Nc6+ Kd6 95. Nd4 Ng7 96. Ne2 Kd5 97. Nc3+ Kd4 98. Ne2+ Kd3 99. Ng1 Kd2 100. Nf3+ Ke2 101. Nd4+ Kf2 102. Nc2 Kg2 103. Ne3+ Kh3 104. Nd5 h4 105. Nxf6 Kg2 106. Ng4 h3 107. Ne3+ Kf2 108. Ng4+ Kg2 109. Ne3+ Kg1 110. Ng4 Nh5+ 111. Kf3 Kf1 112. Ne3+ Ke1 113. Ng4 Kf1 114. Ne3+ Kg1 115. Ng4 Kh1 116. Nf2+ Kh2 117. Nxh3 1/2-1/2


[Site "https://www.chess.com"]

[Event "Titled Tuesday Blitz June 1 2021"]
[White "Lagarde, Maxime"]
[Black "Kesgin, Halit Kaan"]
[WhiteFideId "662399"]
[BlackFideId "6349137"]
[WhiteElo "2630"]
[BlackElo "2040"]
[Result "1-0"]
[Round "01"]
[TimeControl "180+1"]
[Date "2021.06.01"]
[WhiteClock "0:02:16"]
[BlackClock "0:01:41"]

1. e4 e6 2. d3 d5 3. Nd2 Nf6 4. Ngf3 c5 5. g3 Nc6 6. Bg2 Be7 7. O-O O-O 8. Re1 b5 9. e5 Nd7 10. Nf1 a5 11. h4 b4 12. N1h2 a4 13. Bf4 a3 14. b3 Ba6 15. Ng5 Nd4 16. Qh5 Bxg5 17. hxg5 Nxc2 18. Bf1 c4 19. Ng4 cxd3 20. Kg2 d2 21. Red1 Bb7 22. Bd3 g6 23. Qh6 d4+ 24. f3 f5 25. gxf6 Ne1+ 26. Rxe1 dxe1=Q 27. Rxe1 Qe8 28. Qg7# 1-0


[Site "https://www.chess.com"]

[Event "Titled Tuesday Blitz June 1 2021"]
[White "Mikhalsky, Vladimir"]
[Black "Kovalev, Vladislav"]
[WhiteFideId "14144352"]
[BlackFideId "13504398"]
[WhiteElo "2280"]
[BlackElo "2573"]
[Result "0-1"]
[Round "01"]
[TimeControl "180+1"]
[Date "2021.06.01"]
[WhiteClock "0:00:15"]
[BlackClock "0:00:15"]

1. c4 g6 2. d4 Bg7 3. e4 d6 4. Nc3 e5 5. d5 a5 6. Bd3 Na6 7. g4 Nc5 8. Bc2 Nf6 9. h3 h5 10. g5 Nh7 11. h4 f6 12. gxf6 Bxf6 13. Be3 Bg4 14. f3 Bxh4+ 15. Rxh4 Qxh4+ 16. Bf2 Qh2 17. fxg4 O-O 18. Qe2 hxg4 19. Bxc5 Qxe2+ 20. Kxe2 dxc5 21. Nb5 Rf7 22. d6 c6 23. Nc7 Rd8 24. Rd1 Ng5 25. Ke3 Rf6 26. d7 Rf7 27. Ne8 Kf8 28. Rd6 Nf3 29. Nxf3 gxf3 30. Rf6 Rxd7 31. Nd6 Rxf6 32. Nc8 f2 0-1


[Site "https://www.chess.com"]

[Event "Titled Tuesday Blitz June 1 2021"]
[White "Nguyen, Ngoc Truong Son"]
[Black "Leisch, Lukas"]
[WhiteFideId "12401110"]
[BlackFideId "1632094"]
[WhiteElo "2596"]
[BlackElo "2210"]
[Result "1-0"]
[Round "01"]
[TimeControl "180+1"]
[Date "2021.06.01"]
[WhiteClock "0:00:28"]
[BlackClock "0:00:11"]

1. d4 d5 2. Nf3 Nf6 3. c4 c6 4. Nc3 e6 5. e3 Nbd7 6. Qc2 Bd6 7. Bd3 O-O 8. O-O dxc4 9. Bxc4 b5 10. Be2 Bb7 11. e4 e5 12. Rd1 Qc7 13. h3 Rfe8 14. a3 a6 15. Bg5 exd4 16. Nxd4 g6 17. Qd2 Bf8 18. Bf4 Qb6 19. Nf3 Rad8 20. Qc2 c5 21. e5 Nh5 22. Bg5 Be7 23. Bxe7 Rxe7 24. Rd6 Qc7 25. Rad1 Rde8 26. e6 fxe6 27. Ng5 Nf4 28. Bf3 Bxf3 29. Nxf3 e5 30. Ne4 Kg7 31. g3 Ne6 32. Rxa6 Nd4 33. Nxd4 exd4 34. Nd6 Re1+ 35. Kg2 R8e2 36. Rxe1 Rxc2 37. Ne8+ 1-0


[Site "https://www.chess.com"]

[Event "Titled Tuesday Blitz June 1 2021"]
[White "Novikov, Evgenij"]
[Black "Martinez Alcantara, Jose Eduardo"]
[WhiteFideId "4125380"]
[BlackFideId "3805662"]
[WhiteElo "2242"]
[BlackElo "2690"]
[Result "0-1"]
[Round "01"]
[TimeControl "180+1"]
[Date "2021.06.01"]
[WhiteClock "0:00:03"]
[BlackClock "0:00:09"]

1. e4 c5 2. d3 Nc6 3. c3 g6 4. Be2 Bg7 5. Nf3 d5 6. Nbd2 Nf6 7. O-O O-O 8. Qc2 e5 9. a3 a5 10. a4 b6 11. Rd1 d4 12. Nc4 Re8 13. Bg5 Ba6 14. cxd4 cxd4 15. Qb3 Rb8 16. Bf1 b5 17. axb5 Bxb5 18. Qa3 Bf8 19. Qa2 a4 20. Rac1 h6 21. Bd2 Nd7 22. Na3 Qb6 23. Nxb5 Qxb5 24. Rc4 Nb6 25. Rc2 Nb4 26. Bxb4 Qxb4 27. Rc7 Re7 28. Rdc1 Qd6 29. R1c6 Qd8 30. Rxg6+ Kh7 31. Rxe7 Qxe7 32. Rc6 Bg7 33. h4 Qd7 34. Rc5 Qd6 35. Rb5 Qc6 36. Rb4 Rb7 37. h5 Bf6 38. g3 Qc5 39. Qa3 Be7 40. Rxb6 Rxb6 41. Qa2 Kg7 42. Bh3 Qb5 43. Kg2 Bf6 44. Bf5 Ra6 45. g4 Qxd3 46. g5 hxg5 47. Qd5 Qb3 48. h6+ Kxh6 49. Qd7 Kg7 50. Qe8 Qb6 51. Nxe5 Bxe5 52. Qxe5+ Qf6 53. Qb5 Rd6 54. Qd3 Qe5 55. Qh3 Rh6 56. Qg4 Qh2+ 57. Kf1 Qh1+ 58. Ke2 Qh5 59. Qxh5 Rxh5 60. Kd3 Rh2 61. Bd7 Rxf2 62. Bxa4 Rxb2 63. Bd7 Rb6 64. Bg4 Rd6 65. e5 Rd8 66. Bf5 Kf8 67. e6 fxe6 68. Bxe6 Ke7 69. Bg4 Kf6 70. Bd1 Ke5 0-1


[Site "https://www.chess.com"]

[Event "Titled Tuesday Blitz June 1 2021"]
[White "Paravyan, David"]
[Black "Prithu Gupta"]
[WhiteFideId "4194985"]
[BlackFideId "46618546"]
[WhiteElo "2562"]
[BlackElo "1775"]
[Result "1-0"]
[Round "01"]
[TimeControl "180+1"]
[Date "2021.06.01"]
[WhiteClock "0:00:45"]
[BlackClock "0:00:02"]

1. d4 Nf6 2. g3 e6 3. c4 d5 4. Bg2 Bb4+ 5. Bd2 Be7 6. Nf3 O-O 7. Qc2 Nbd7 8. h4 c5 9. cxd5 exd5 10. Nc3 cxd4 11. Nxd4 Bc5 12. Nb3 Bb6 13. O-O d4 14. Na4 Ne5 15. Bf4 Nc6 16. Rad1 Nd5 17. Bg5 Ndb4 18. Bxd8 Nxc2 19. Nxb6 axb6 20. Bxb6 Rxa2 21. Bc5 Re8 22. Rd2 Rxb2 23. Nxd4 N6xd4 24. Bxd4 Ra2 25. Bd5 Ra4 26. Bxg7 Kxg7 27. Rxc2 Rd4 28. Bf3 b5 29. Kg2 Rc4 30. Rb2 Ba6 31. Ra1 1-0


[Site "https://www.chess.com"]

[Event "Titled Tuesday Blitz June 1 2021"]
[White "Pastar, Slaven"]
[Black "Zhigalko, Sergei"]
[WhiteFideId "14402718"]
[BlackFideId "13502956"]
[WhiteElo "2227"]
[BlackElo "2662"]
[Result "0-1"]
[Round "01"]
[TimeControl "180+1"]
[Date "2021.06.01"]
[WhiteClock "0:00:04"]
[BlackClock "0:00:09"]

1. b3 e5 2. Bb2 d6 3. e3 Nf6 4. d4 e4 5. d5 c6 6. c4 Nbd7 7. Nc3 Nc5 8. b4 Qb6 9. Ba3 Ncd7 10. Rb1 Ne5 11. Qd4 Bf5 12. c5 Qc7 13. dxc6 bxc6 14. b5 dxc5 15. Bxc5 Bxc5 16. Qxc5 Nfd7 17. Qb4 c5 18. Qb3 Nb6 19. Nh3 Bxh3 20. gxh3 Nf3+ 21. Ke2 Rd8 22. Rd1 Rxd1 23. Kxd1 O-O 24. Be2 c4 25. Qc2 Qe5 26. Kc1 f5 27. Rd1 Qxh2 28. Bxf3 exf3 29. Rd6 Qxd6 0-1


[Site "https://www.chess.com"]

[Event "Titled Tuesday Blitz June 1 2021"]
[White "Popilski, Gil"]
[Black "Oparin, Grigoriy"]
[WhiteFideId "2809060"]
[BlackFideId "24125890"]
[WhiteElo "2537"]
[BlackElo "2628"]
[Result "0-1"]
[Round "01"]
[TimeControl "180+1"]
[Date "2021.06.01"]
[WhiteClock "0:00:10"]
[BlackClock "0:01:09"]

1. e4 d6 2. d4 Nf6 3. Nc3 Nbd7 4. f4 e5 5. Nf3 exd4 6. Qxd4 Nb6 7. Be3 Be7 8. O-O-O O-O 9. h3 Re8 10. g4 Bf8 11. g5 Nh5 12. Rg1 g6 13. Qd2 Bg7 14. Bd4 Be6 15. Bxg7 Nxg7 16. Nd4 d5 17. Qf2 c5 18. Nxe6 fxe6 19. Qxc5 Rc8 20. Qf2 Qc7 21. exd5 exd5 22. Bb5 Rf8 23. Rgf1 Ne6 24. Nxd5 Nxd5 25. Rxd5 Nxf4 26. Rd7 Nd3+ 27. Rxd3 Rxf2 28. Rxf2 Qc5 29. Bd7 Qxf2 30. Bxc8 Qg1+ 31. Rd1 Qxg5+ 32. Kb1 Qe7 33. Bg4 h5 34. Bf3 Kg7 35. Rf1 b6 36. Bd5 Qe5 37. Bc4 Qh2 38. Be6 Qe2 0-1


[Site "https://www.chess.com"]